 Dungeon Crawl Stone Soup version 0.19.0-24-gb05acd6 (webtiles) character file.

87 Rrauwl the Chopper (level 4, 0/37 HPs)
             Began as a Hill Orc Gladiator on Nov 23, 2016.
             Succumbed to a worker ant's poison
             ... on level 5 of the Dungeon.
             The game lasted 00:09:14 (938 turns).

Rrauwl the Chopper (Hill Orc Gladiator)              Turns: 938, Time: 00:09:14

Health: 0/37       AC:  8    Str: 18    XL:     4   Next: 51%
Magic:  4/4        EV: 11    Int:  8    God:
Gold:   104        SH:  0    Dex: 11    Spells: 0 memorised, 3 levels left

rFire  . . .     SeeInvis .     k - +0 hand axe (distort)
rCold  . . .     Gourm    .     i - +0 ring mail
rNeg   . . .     Faith    .     (no shield)
rPois  .         Spirit   .     c - +1 helmet
rElec  .         Reflect  .     (no cloak)
rCorr  .         Harm     .     e - +0 pair of gloves
MR     .....                    (no boots)
Stlth  +.........               (no amulet)
                                (no ring)
                                (no ring)

@: lethally poisoned (0 -> -8)
A: no striking features
a: Convert to Beogh


You were on level 5 of the Dungeon.
You were hungry.

You visited 1 branch of the dungeon, and saw 5 of its levels.

You collected 104 gold pieces.

Inventory:

Hand Weapons
 a - a +0 war axe
 k - a +0 hand axe of distortion (weapon)
Missiles
 d - 3 throwing nets (quivered)
Armour
 c - a +1 helmet (worn)
 e - a +0 pair of gloves (worn)
 i - a +0 ring mail (worn)
Scrolls
 b - a scroll of identify
Comestibles
 f - a bread ration
 g - a meat ration
 h - a chunk of flesh
 j - a slice of pizza


   Skills:
 - Level 2.4 Fighting
 + Level 6.8 Axes
 - Level 1.7 Throwing
 - Level 2.4 Dodging


You had 3 spell levels left.
You didn't know any spells.

Dungeon Overview and Level Annotations

Branches:
Dungeon (6/15)
 Temple: D:4-7

Altars:
Zin

Annotations:
D:6 Rrauwl's ghost, amateur HOSk


Message History

The orc wizard blinks!
The gnoll barely misses you. The gnoll closely misses you.
You slash the gnoll!
Space warps horribly around the gnoll!
You kill the gnoll!
You hit the gnoll.
Space warps horribly around the gnoll!
You hit the worker ant but do no damage.
Space bends around the worker ant.
The worker ant barely misses you. The gnoll barely misses you.
Things that are here:
a flail; a gnoll corpse You hit the worker ant but do no damage.
The worker ant is moderately wounded.
The worker ant bites you.
* * * LOW HITPOINT WARNING * * *
You are lethally poisoned!
The worker ant poisons you!
You hit the worker ant but do no damage.
Space bends around the worker ant.
The worker ant is moderately wounded.
You die...

#.........######.§........#
#<......>§†..gog# #.
#.........#####.# #...
########{## #..# #. #g#
##..# .... #.## #>.. ...#
#og# .... ##a###### ......
#.@...$# ...## #....%.#
...# #......# ##.....#
#.....# #...).# ......#
.######


You could see a worker ant, an orc priest and 2 gnolls.

Vanquished Creatures
  A worker ant (D:5)
  2 gnolls
  A worm (D:2)
  A leopard gecko (D:2)
  2 orcs
  A ball python (D:1)
  2 bats (D:1)
  A giant cockroach (D:1)
  6 goblins
  5 hobgoblins (D:1)
  2 jackals (D:1)
  A quokka (D:4)
  2 frilled lizards
  3 kobolds
  7 rats
37 creatures vanquished.

Notes
Turn   | Place    | Note
-------+----------+-------------------------------------------
     0 | D:1      | Rrauwl the Hill Orc Gladiator began the quest for the Orb.
     0 | D:1      | Reached XP level 1. HP: 18/18 MP: 1/1
    69 | D:1      | Reached XP level 2. HP: 15/25 MP: 2/2
   138 | D:1      | Reached skill level 5 in Axes
   286 | D:1      | Reached XP level 3. HP: 26/30 MP: 3/3
   320 | D:1      | You fall through a shaft!
   489 | D:2      | You fall through a shaft for 2 floors!
   537 | D:5      | Entered Level 5 of the Dungeon
   551 | D:4      | Reached skill level 6 in Axes
   704 | D:4      | Found a glowing silver altar of Zin.
   774 | D:4      | You fall through a shaft for 2 floors!
   801 | D:6      | Noticed Rrauwl's ghost (amateur HOSk)
   908 | D:5      | Reached XP level 4. HP: 18/37 MP: 4/4
   937 | D:5      | HP: 1/37 [worker ant (1)]
   938 | D:5      | Succumbed to a worker ant's poison

Skill      XL: |  1  2  3 |
---------------+----------+-----
Axes           | 5 6 |  6.8
Fighting       | |  2.4
Throwing       | |  1.7
Dodging        | |  2.4

Action                   |  1- 3 |  4- 6 || total
-------------------------+-------+-------++-------
Melee: War axe           |    98 |       ||    98
       Hand axe          |     8 |    22 ||    30
Throw: Throwing net      |     1 |       ||     1
  Use: Scroll            |     4 |       ||     4
       Potion            |     4 |       ||     4
 Stab: Sleeping          |     1 |       ||     1
Armor: Leather armour    |    18 |       ||    18
       Ring mail         |    25 |     4 ||    29
Dodge: Dodged            |    55 |     8 ||    63
